 Dungeon Crawl Stone Soup version 0.28-a0-823-gb444dcf96d (webtiles) character file.

Game seed: 9910432929718698988

13374 Crownlay the Severer (level 12, -5/106 HPs)
             Began as a Hill Orc Fighter on Nov 9, 2021.
             Was a High Priest of Okawaru.
             Slain by an eight-headed hydra (9 damage)
             ... on level 2 of the Lair of Beasts.
             The game lasted 00:19:33 (15398 turns).

Crownlay the Severer (Hill Orc Fighter)            Turns: 15398, Time: 00:19:33

Health: -5/106     AC: 24    Str: 24    XL:     12   Next: 5%
Magic:  19/19      EV:  8    Int:  8    God:    Okawaru [*****.]
Gold:   470        SH:  4    Dex: 10    Spells: 11/11 levels left

rFire   . . .      SeeInvis .   M - +3 broad axe (freeze)
rCold   . . .      Faith    .   N - +0 buckler
rNeg    + . .      Spirit   .   O - +8 chain mail of Ettofou {Will+}
rPois   .          Reflect  .   j - +0 helmet
rElec   .          Harm     .   q - +0 cloak
rCorr   .          Rampage  .   l - +0 pair of gloves
Will    +....                   J - +1 pair of boots
Stlth   ..........              L - amulet of the acrobat
HPRegen 0.27/turn               r - ring of flight
MPRegen 0.16/turn               p - ring of positive energy

@: lethally poisoned (-5 -> -9), flying
A: no striking features
a: Renounce Religion, Heroism, Finesse, Duel


You were on level 2 of the Lair of Beasts.
You worshipped Okawaru.
Okawaru was extremely pleased with you.
You visited 3 branches of the dungeon, and saw 13 of its levels.

You collected 596 gold pieces.
You spent 126 gold pieces at shops.

Inventory:

Hand Weapons
 t - a +4 battleaxe
 K - the +10 quarterstaff "Oxeosi" {drain, rC- Dex+9}
   (You found it on level 7 of the Dungeon)

   A truly terrible weapon, it drains the life of any living foe it strikes.
   Dex:       It affects your dexterity (+9).
   rC:        It makes you vulnerable to cold.
 M - a +3 broad axe of freezing (weapon)
Missiles
 b - 3 throwing nets (quivered)
Armour
 j - a +0 helmet (worn)
 l - a +0 pair of gloves (worn)
 q - a +0 cloak (worn)
 I - the +7 chain mail of the Cockatrice {rC+}
   (You found it on level 6 of the Dungeon)

   rC:        It protects you from cold.
 J - a +1 pair of boots (worn)
 N - a +0 buckler (worn)
 O - the +8 chain mail of Ettofou (worn) {Will+}
   (You found it on level 1 of the Lair of Beasts)

   Will:      It increases your willpower.
Jewellery
 p - a ring of positive energy (right hand)
 r - a ring of flight (left hand)
 L - an amulet of the acrobat (around neck)
Wands
 n - a wand of iceblast (24)
 w - a wand of flame (30)
 A - a wand of polymorph (5)
 S - a wand of acid (8)
Scrolls
 a - 2 scrolls of fog
 f - 3 scrolls of noise
 h - 2 scrolls of teleportation
 s - 2 scrolls of enchant weapon
 u - a scroll of torment {unknown}
 v - 2 scrolls of blinking
 x - a scroll of immolation {unknown}
 y - a scroll of enchant armour {unknown}
 z - 2 scrolls of vulnerability
 E - a scroll of amnesia {unknown}
 G - 3 scrolls of magic mapping
 P - a scroll of fear {unknown}
 R - a scroll of holy word {unknown}
Potions
 c - 3 potions of brilliance
 d - 3 potions of cancellation
 e - a potion of haste {unknown}
 g - 3 potions of invisibility
 i - 2 potions of resistance {unknown}
 k - 2 potions of berserk rage {unknown}
 m - 2 potions of ambrosia {unknown}
 o - a potion of heal wounds
 B - 3 potions of flight
 C - 2 potions of attraction {unknown}
 D - 2 potions of degeneration
 F - 2 potions of curing {unknown}
 H - a potion of might


   Skills:
 + Level 10.3 Fighting
 * Level 18.4 Axes
 + Level 6.4 Armour
 - Level 4.0 Shields
 + Level 10.3 Invocations


You had 11 spell levels left.
You didn't know any spells.
Your spell library contained the following spells:

 Spells                   Type           Power      Damage    Failure   Level
 Pain                     Necr           0%         1d4       95%         1
 Slow                     Hex            0%         N/A       95%         1
 Blink                    Tloc           0%         N/A       99%         2
 Confusing Touch          Hex            0%         N/A       100%        3
 Dazzling Flash           Conj/Hex       0%         N/A       100%        3
 Frozen Ramparts          Ice            0%         1d2       100%        3
 Lesser Beckoning         Tloc           0%         N/A       100%        3
 Portal Projectile        Hex/Tloc       0%         N/A       100%        3
 Vampiric Draining        Necr           0%         2d6       100%        3
 Hailstorm                Conj/Ice       0%         3d3       100%        4
 Ice Form                 Ice/Tmut       0%         N/A       100%        4
 Agony                    Necr           0%         N/A       100%        5
 Blade Hands              Tmut           0%         N/A       100%        5
 Excruciating Wounds      Necr           0%         N/A       100%        5
 Manifold Assault         Tloc           0%         N/A       100%        5
 Silence                  Hex/Air        0%         N/A       100%        5
 Animate Skeleton         Necr           Unusable   N/A       N/A         1
 Summon Ice Beast         Ice/Summ       Unusable   N/A       N/A         4
 Simulacrum               Ice/Necr       Unusable   N/A       N/A         6

Dungeon Overview and Level Annotations

Branches:
Dungeon (10/15)            Temple (1/1) D:7            Lair (2/6) D:9
    Orc (0/2) D:10
  Swamp: Lair:2-4    Shoals: Lair:2-4     Snake: Lair:2-4    Spider: Lair:2-4

Altars:
Cheibriados
Dithmenos
Gozag
Kikubaaqudgha
Makhleb
Nemelex Xobeh
Okawaru
Qazlal
Ru
Sif Muna
Trog
Vehumet
Zin
The Shining One

Shops:
D:1 *

Annotations:
Lair:2 1 transporter, casual's ghost, journeyman DsMo


Message History

The eight-headed hydra bites you!
The eight-headed hydra bites you but does no damage. x3
The eight-headed hydra bites you.
The eight-headed hydra bites you but does no damage.
You block the eight-headed hydra's attack.
The black mamba bites you but does no damage.
You continue taking off your +0 buckler.
You feel sick. You block the black mamba's attack.
The eight-headed hydra bites you. The eight-headed hydra misses you.
The eight-headed hydra bites you but does no damage.
You block the eight-headed hydra's attack.
The eight-headed hydra bites you but does no damage. x2
The eight-headed hydra misses you.
The eight-headed hydra bites you but does no damage.
The black mamba bites you.
You continue taking off your +0 buckler.
You feel sick.
The black mamba bites you but does no damage.
The eight-headed hydra closely misses you.
The eight-headed hydra bites you but does no damage.
You block the eight-headed hydra's attack.
The eight-headed hydra barely misses you.
The eight-headed hydra bites you! The eight-headed hydra bites you.
The eight-headed hydra bites you!
* * * LOW HITPOINT WARNING * * *
The eight-headed hydra bites you.
* * * LOW HITPOINT WARNING * * *
You block the black mamba's attack.
You continue taking off your +0 buckler.
You feel sick.
The black mamba bites you but does no damage.
The eight-headed hydra bites you!
* * * LOW HITPOINT WARNING * * *
The eight-headed hydra bites you!
* * * LOW HITPOINT WARNING * * *
The eight-headed hydra barely misses you.
You block the eight-headed hydra's attack.
The eight-headed hydra bites you but does no damage. x2
The eight-headed hydra bites you!
You die...

..........## $.....#
...........##.###S##....
............##.©.##.....
.............#####.....
.......P###..........#
#.#.#.(.# ##........#
####...#####.###....+
#P.. #...# #.S..#
.......+...###@D..#
..#... #......#....#..
####. #.###.#......# ##
####........ .........
......... ..........
.......... ...........


You could see an eight-headed hydra and 2 black mambas.

Vanquished Creatures
  A stone giant (D:10)
  A hydra (Lair:1)
  A boulder beetle (D:10)
  A two-headed ogre (D:9)
  A smoke demon (D:10)
  A cane toad (Lair:1)
  A komodo dragon (D:9)
  A troll (D:10)
  5 blink frogs (Lair:1)
  4 polar bears (Lair:1)
  Sigmund (D:6)
  18 yaks
  3 wyverns
  A wraith (D:8)
  2 steam dragons
  An acid dragon (D:8)
  3 water moccasins (Lair:1)
  8 black bears
  7 orc warriors
  An ogre (D:5)
  2 centaurs
  An ice beast (D:5)
  5 wolves (Lair:1)
  A phantom (D:5)
  A kobold brigand (D:9)
  Blork the orc (D:4)
  A bullfrog (Lair:1)
  A gnoll sergeant (D:10)
  6 scorpions
  A water moccasin zombie (D:7)
  A wyvern skeleton (D:6)
  4 killer bees (D:10)
  A bullfrog zombie (D:5)
  2 centaur zombies
  3 hounds
  A jelly (D:7)
  2 orc priests (D:7)
  Crazy Yiuf (D:2)
  A centaur skeleton (D:5)
  2 gnoll shamans
  Jessica (D:2)
  Ijyb (D:4)
  An iguana (D:5)
  10 orc wizards
  Robin (D:2)
  11 gnolls
  2 howler monkey skeletons
  5 adders
  A shadow imp (D:6)
  An ufetubus (D:6)
  An adder zombie (D:5)
  2 worms (D:4)
  5 dart slugs
  37 orcs
  5 giant cockroaches
  13 goblins
  6 hobgoblins
  4 jackals (D:5)
  12 kobolds
  9 quokkas
  8 ball pythons
  3 bats
  4 frilled lizards
  5 rats
248 creatures vanquished.

Vanquished Creatures (others)
  6 fungi
  14 plants
20 creatures vanquished.

Grand Total: 268 creatures vanquished

Notes
Turn   | Place    | Note
-------+----------+-------------------------------------------
     0 | D:1      | Crownlay the Hill Orc Fighter began the quest for the Orb.
     0 | D:1      | Reached XP level 1. HP: 19/19 MP: 1/1
    32 | D:1      | Reached skill level 3 in Axes
    72 | D:1      | Found Noqinn's General Store.
   103 | D:1      | Reached XP level 2. HP: 22/26 MP: 2/2
   376 | D:1      | Found a faded altar of an unknown god.
   571 | D:1      | Reached skill level 4 in Axes
   644 | D:1      | Reached XP level 3. HP: 28/31 MP: 3/3
   992 | D:2      | Noticed Robin
  1258 | D:2      | Killed Robin
  1418 | D:2      | Reached XP level 4. HP: 39/39 MP: 4/4
  1451 | D:2      | Reached skill level 5 in Axes
  1655 | D:2      | Found an ancient bone altar of Kikubaaqudgha.
  1744 | D:2      | Noticed Jessica
  1749 | D:2      | Killed Jessica
  1860 | D:2      | Found a runed translucent door.
  1861 | D:2      | Noticed Crazy Yiuf
  1932 | D:2      | Killed Crazy Yiuf
  1933 | D:2      | Reached skill level 6 in Axes
  1933 | D:2      | Reached XP level 5. HP: 13/45 MP: 5/5
  1940 | D:2      | HP: 2/45 [poisoned by Crazy Yiuf]
  3239 | D:4      | Found a radiant altar of Vehumet.
  3277 | D:4      | Reached skill level 7 in Axes
  3549 | D:4      | Noticed Ijyb
  3580 | D:4      | Killed Ijyb
  3581 | D:4      | Reached XP level 6. HP: 17/51 MP: 6/6
  3855 | D:4      | Noticed Blork the orc
  3864 | D:4      | Killed Blork the orc
  3865 | D:4      | Reached skill level 8 in Axes
  4422 | D:5      | Entered Level 5 of the Dungeon
  4478 | D:5      | Noticed a black bear
  4487 | D:5      | Killed a black bear
  4488 | D:5      | Reached skill level 9 in Axes
  4488 | D:5      | Reached XP level 7. HP: 43/57 MP: 7/7
  4503 | D:5      | Reached skill level 10 in Axes
  4622 | D:5      | Reached skill level 11 in Axes
  4623 | D:5      | Reached XP level 8. HP: 47/64 MP: 8/8
  5239 | D:6      | Reached skill level 12 in Axes
  5480 | D:6      | Reached skill level 13 in Axes
  6055 | D:6      | Noticed Sigmund
  6066 | D:6      | Killed Sigmund
  6067 | D:6      | Reached skill level 14 in Axes
  6067 | D:6      | Reached XP level 9. HP: 60/71 MP: 9/9
  6282 | D:6      | Identified the +7 chain mail of the Cockatrice {rC+}
  7026 | D:7      | Reached skill level 5 in Fighting
  7281 | D:7      | Found a staircase to the Ecumenical Temple.
  7288 | D:7      | Identified the +10 quarterstaff "Oxeosi" {drain, rC- Dex+9}
  7299 | Temple   | Entered the Ecumenical Temple
  7320 | Temple   | Became a worshipper of Warmaster Okawaru
  9110 | D:9      | Found a staircase to the Lair.
  9111 | D:9      | Noticed a komodo dragon
  9130 | D:9      | Killed a komodo dragon
  9131 | D:9      | Reached skill level 5 in Armour
  9172 | D:9      | Reached * piety under Okawaru
  9493 | D:9      | Noticed a two-headed ogre
  9513 | D:9      | Killed a two-headed ogre
  9514 | D:9      | Reached skill level 15 in Axes
  9514 | D:9      | Reached XP level 10. HP: 45/88 MP: 10/10
 10139 | D:10     | Entered Level 10 of the Dungeon
 10176 | D:10     | Found a staircase to the Orcish Mines.
 10190 | D:10     | Reached skill level 1 in Invocations
 10308 | D:10     | Identified the +1 plate armour "Vaawn" {rF+ Str+6}
 10464 | D:10     | Reached ** piety under Okawaru
 10522 | D:10     | Paralysed by a centaur for 5 turns
 10651 | D:10     | Noticed a stone giant
 10951 | D:10     | Reached skill level 5 in Invocations
 11057 | D:10     | Noticed a boulder beetle
 11077 | D:10     | Killed a boulder beetle
 11078 | D:10     | Reached skill level 16 in Axes
 11539 | D:10     | Found a burning altar of Makhleb.
 11539 | D:10     | Noticed a smoke demon
 11553 | D:10     | Killed a smoke demon
 11553 | D:10     | Reached *** piety under Okawaru
 12166 | D:10     | Killed a stone giant
 12167 | D:10     | Reached XP level 11. HP: 33/94 MP: 15/17
 12421 | D:10     | Found a sacrificial altar of Ru.
 12421 | D:10     | Found a bloodstained altar of Trog.
 12638 | D:1      | Bought a scroll of enchant weapon for 90 gold pieces
 12638 | D:1      | Bought a potion of flight for 36 gold pieces
 12989 | Lair:1   | Entered Level 1 of the Lair of Beasts
 13413 | Lair:1   | Reached **** piety under Okawaru
 13424 | Lair:1   | Reached skill level 10 in Invocations
 13426 | Lair:1   | Reached skill level 17 in Axes
 13483 | Lair:1   | Noticed a seven-headed hydra
 13494 | Lair:1   | Killed a seven-headed hydra
 13691 | Lair:1   | Reached ***** piety under Okawaru
 13992 | Lair:1   | Reached skill level 10 in Fighting
 13992 | Lair:1   | Received a gift from Okawaru
 13996 | Lair:1   | Reached skill level 18 in Axes
 14600 | Lair:1   | Identified the +8 chain mail of Ettofou {Will+}
 14884 | Lair:1   | Reached XP level 12. HP: 106/106 MP: 19/19
 15365 | Lair:2   | Noticed casual's ghost (journeyman DsMo)
 15365 | Lair:2   | Noticed a seven-headed hydra
 15371 | Lair:2   | Found a transporter.
 15387 | Lair:2   | Noticed an eight-headed hydra
 15398 | Lair:2   | HP: 4/106 [eight-headed hydra (8)]
 15398 | Lair:2   | Slain by an eight-headed hydra

Illustrated notes

Levels and vault maps discovered:
D:1:      mrwooster_arrival_statue_3, layout_basic,
          ebering_ecumenical_altar_webs, serial_shops, shop
D:2:      layout_basic, basic_altar, uniq_crazy_yiuf_cottage, uniq_robin,
          uniq_jessica
D:3:      layout_basic
D:4:      layout_basic, vehumet_altar_wand_db, uniq_ijyb, uniq_blork_the_orc
D:5:      layout_rooms
D:6:      layout_layer_cave, serial_glass, glass_columns_c, glass_columns_a,
          grunt_ministairs_1, uniq_sigmund
D:7:      layout_rooms, temple_hall
D:8:      layout_loops_ring
D:9:      layout_loops_ring, david_lair_shrubbed
D:10:     layout_roguey, demons_altar, gammafunk_temple_overflow_elements,
          david_orc_2, hangedman_decor_diamond_cutter, grunt_ministairs_3,
          kennysheep_island_fort
Temple:   eino_narrow_crystal_temple
Lair:1:   beast_lair_carwin_large_3, layout_long_grid, lemuel_fruit_tree,
          grunt_megastairs_1, infiniplex_staircase_pool_2
Lair:2:   layout_regular_city, nzn_ghost_randoct

Skill      XL: |  1  2  3  4  5  6  7  8  9 10 11 |
---------------+----------------------------------+-----
Axes           | 3 4 6 7 9 11 14 15 16 18 | 18.4
Shields        | 4 |  4.0
Fighting       | 8 10 | 10.3
Armour         | 6 |  6.4
Invocations    | 9 10 | 10.3

Action                   |  1- 3 |  4- 6 |  7- 9 | 10-12 || total
-------------------------+-------+-------+-------+-------++-------
Melee: War axe           |    97 |    33 |       |       ||   130
       Battleaxe         |       |    94 |   222 |   247 ||   563
       Unarmed           |       |    23 |       |       ||    23
       Broad axe         |       |       |       |    44 ||    44
       Quarterstaff      |       |       |       |     7 ||     7
Throw: Throwing net      |       |       |     1 |       ||     1
Invok: Heroism           |       |       |       |     2 ||     2
Evoke: Wand              |       |       |       |    13 ||    13
  Use: Potion            |       |     1 |       |     2 ||     3
       Scroll            |       |       |     6 |     3 ||     9
Armor: Scale mail        |    36 |    63 |    51 |       ||   150
       Skin              |       |     1 |       |       ||     1
       Chain mail        |       |       |    75 |   235 ||   310
Dodge: Dodged            |    46 |    66 |   105 |   145 ||   362
Block: Buckler           |    30 |     1 |       |    14 ||    45

Table legend: (Time is in decaauts)
 A = Elapsed time spent in this place.
 B = Non-inter-level travel time spent in this place.
 C = Inter-level travel time spent in this place.
 D = Time resting spent in this place.
 E = Time spent auto-exploring this place.
 F = Levels seen in this place.
 G = Mean time per level.
                   A        B        C        D        E       F      G
               +--------+--------+--------+--------+--------+-----+--------+
         Total |  15436 |  14189 |   1247 |    104 |  12236 |  13 | 1187.4 |
       Dungeon |  13520 |  12373 |   1147 |    104 |  10665 |  10 | 1352.0 |
        Temple |     36 |     21 |     15 |      0 |     15 |   1 |   36.0 |
          Lair |   1879 |   1795 |     84 |      0 |   1556 |   2 |  939.5 |
               +--------+--------+--------+--------+--------+-----+--------+

Top non-repeatable levels by time:
    D:10: 2337 daAuts
  Lair:1: 1845 daAuts
     D:6: 1703 daAuts
     D:9: 1501 daAuts
     D:4: 1411 daAuts
     D:7: 1271 daAuts
     D:1: 1257 daAuts
     D:2: 1171 daAuts
     D:3: 1022 daAuts
     D:5: 954 daAuts
     D:8: 890 daAuts
  Temple: 36 daAuts
  Lair:2: 33 daAuts
